 Dungeon Crawl Stone Soup version 0.30.1-9-gdf580d7c3d (webtiles) character file.

Game seed: 6128585265623871905

2439 croobank the Covert (level 9, -18/74 HPs)
             Began as a Gnoll Delver on Sept 29, 2023.
             Was an Initiate of Gozag.
             Demolished by a freezing wraith (21 damage)
             ... on level 7 of the Dungeon.
             The game lasted 00:20:09 (8223 turns).

croobank the Covert (Gnoll Delver)                  Turns: 8223, Time: 00:20:10

Health: -18/74     AC:  8    Str: 18    XL:     9   Next: 49%
Magic:  15/15      EV: 14    Int: 18    God:    Gozag
Gold:   310        SH:  0    Dex: 15    Spells: 13/16 levels left

rFire   . . .        a - +1 morningstar
rCold   . . .        (no shield)
rNeg    + . .        C - +1 leather armour "Equwofe" {Fly rN+ Slay+3}
rPois   .            F - +1 hat
rElec   .            w - +0 cloak
rCorr   .            E - +0 pair of gloves
SInv    .            (no boots)
Will    .....        (no amulet)
Stlth   ++++         m - +6 ring of strength
HPRegen 0.32/turn    n - +6 ring of intelligence
MPRegen 0.14/turn

%: no passive effects
@: flying, slowed, very slow
A: fangs 1, strong nose, distributed training
a: Renounce Religion, Potion Petition, Call Merchant, Bribe Branch


You were on level 7 of the Dungeon.
You worshipped Gozag.
Gozag was aware of your devotion.
You visited 2 branches of the dungeon, and saw 8 of its levels.

You collected 419 gold pieces.
You paid 109 gold pieces to Gozag.

Inventory:

Hand Weapons
 a - a +1 morningstar (weapon)
 b - a +0 sling
 j - a +0 short sword
 k - a +0 dagger
 B - a +0 war axe
Missiles
 s - 2 boomerangs
 D - a poisoned dart (quivered)
Armour
 i - a +2 chain mail of poison resistance
 w - a +0 cloak (worn)
 C - the +1 leather armour "Equwofe" (worn) {Fly rN+ Slay+3}
   (You found it on level 5 of the Dungeon)

   Slay:      It affects your accuracy & damage with ranged weapons and melee
   (+3).
   rN:        It protects you from negative energy.
   Fly:       It grants you flight.
 E - a +0 pair of gloves (worn)
 F - a +1 hat (worn)
Jewellery
 m - a +6 ring of strength (left hand)
 n - a +6 ring of intelligence (right hand)
 v - a ring of resist corrosion
 z - a ring of willpower
 G - an amulet of faith
Wands
 g - a wand of digging (3)
Scrolls
 c - 2 scrolls of fog
 d - a scroll of magic mapping
 e - 2 scrolls of fear
 h - a scroll of amnesia
 o - 2 scrolls of identify
 y - 2 scrolls of teleportation
Potions
 f - a potion of curing
 l - a potion of attraction
 p - a potion of ambrosia
 q - a potion of cancellation
 r - 2 potions of might
 t - 2 potions of haste
 u - a potion of brilliance
 x - a potion of mutation
 A - 2 potions of magic


   Skills:
 + Level 8.0 Fighting
 + Level 6.5 Short Blades
 + Level 4.4 Long Blades
 + Level 4.4 Axes
 + Level 4.4 Maces & Flails
 + Level 4.4 Polearms
 + Level 4.4 Staves
 + Level 4.4 Ranged Weapons
 + Level 4.4 Throwing
 + Level 4.4 Armour
 + Level 6.5 Dodging
 + Level 10.6 Stealth
 + Level 4.4 Shields
 + Level 4.4 Unarmed Combat
 + Level 4.4 Spellcasting
 + Level 3.7 Conjurations
 + Level 3.7 Hexes
 + Level 3.7 Summonings
 + Level 3.7 Necromancy
 + Level 3.7 Translocations
 + Level 3.7 Transmutations
 + Level 3.7 Fire Magic
 + Level 3.7 Ice Magic
 + Level 3.7 Air Magic
 + Level 3.7 Earth Magic
 + Level 3.7 Poison Magic
 + Level 4.9 Invocations
 + Level 4.4 Evocations


You had 13 spell levels left.
You knew the following spells:

 Your Spells              Type           Power      Damage    Failure   Level
a - Blink                 Tloc           34%        N/A       5%          2
b - Magic Dart            Conj           68%        1d6       3%          1

Your spell library contained the following spells:

 Spells                   Type           Power      Damage    Failure   Level
 Call Imp                 Summ           34%        N/A       5%          2
 Ensorcelled Hibernation  Hex/Ice        34%        N/A       5%          2
 Lesser Beckoning         Tloc           34%        N/A       5%          2
 Momentum Strike          Conj/Tloc      34%        3d8       5%          2
 Passwall                 Tmut/Erth      14%        N/A       5%          2
 Hailstorm                Conj/Ice       17%        3d6       11%         3
 Mephitic Cloud           Conj/Pois/Air  17%        N/A       11%         3
 Swiftness                Air            17%        N/A       11%         3
 Ice Form                 Ice/Tmut       17%        N/A       36%         4
 Simulacrum               Ice/Necr       Unusable   N/A       N/A         6

Dungeon Overview and Level Annotations

Branches:
Dungeon (7/15)             Temple (1/1) D:6

Altars:
Cheibriados
Elyvilon
Gozag
Hepliaklqana
Kikubaaqudgha
Makhleb
Nemelex Xobeh
Okawaru
Qazlal
Sif Muna
Uskayaw
Vehumet
Xom
Yredelemnul
Zin
The Shining One

Shops:
D:1 =   D:5 =


Innate Abilities, Weirdness & Mutations

You have very sharp teeth.
Your uncanny sense of smell can sniff out nearby items.
Your experience applies equally to all skills.


Message History

The freezing wraith completely misses you.
The freezing wraith misses you. The white imp gestures at you.
The puff of frost misses you. The freezing wraith hits you.
The freezing wraith freezes you! The freezing wraith misses you.
The white imp gestures at you. The puff of frost hits you.
You hit the freezing wraith but do no damage.
The freezing wraith is moderately damaged.
The white imp gestures at you.
The puff of frost hits you but does no damage.
The white imp hits you but does no damage.
The freezing wraith closely misses you. The freezing wraith misses you.
The white imp hits you. The white imp freezes you.
The freezing wraith hits you but does no damage. x2
The white imp closely misses you.
You closely miss the freezing wraith. You punch the freezing wraith.
The freezing wraith is heavily damaged.
The white imp hits you. The white imp freezes you.
The white imp hits you but does no damage.
The freezing wraith barely misses you. The freezing wraith hits you.
* * * LOW HITPOINT WARNING * * *
The white imp hits you but does no damage.
The freezing wraith hits you but does no damage.
The freezing wraith closely misses you. The white imp barely misses you.
You closely miss the freezing wraith.
You punch the freezing wraith, but do no damage.
The freezing wraith is heavily damaged.
The white imp hits you but does no damage.
The white imp gestures at you. The puff of frost hits you!
* * * LOW HITPOINT WARNING * * *
The freezing wraith completely misses you.
The freezing wraith barely misses you.
The white imp hits you but does no damage.
The freezing wraith hits you!
* * * LOW HITPOINT WARNING * * *
The freezing wraith freezes you!!
You die...
Your body crumbles into a pile of gold.

....##.# ###
######.# #.# #.#
#.# ###########
#.###...$.....#
#..$$$####''''####
#######...5......##
......5@.$......
###
......W#~~#.....
#.###
.##..#~~##~..##.
##... #..~## ~..#
#### #..~ ∆ #..# ##
...# .... .. ...
.... #. ##.. #####
#. $### #.#.###.


You could see a freezing wraith and 2 white imps.

Vanquished Creatures
  A hornet (D:7)
  Eustachio (D:5)
  Edmund (D:6)
  A water moccasin (D:6)
  3 black bears
  An ogre (D:6)
  A phantom (D:7)
  A kobold brigand (D:7)
  A bullfrog (D:7)
  6 scorpions
  6 killer bees
  2 hounds (D:7)
  2 orc priests
  A jelly (D:5)
  A gnoll bouda (D:6)
  Ijyb (D:5)
  3 iguanas
  3 orc wizards
  Terence (D:3)
  9 gnolls
  11 adders
  2 white imps (D:7)
  2 worms (D:2)
  A dart slug (D:4)
  21 orcs
  6 ball pythons
  6 bats
  4 endoplasms
  3 giant cockroaches (D:3)
  8 hobgoblins
  3 jackals (D:4)
  4 quokkas
  2 frilled lizards
  4 goblins
  12 kobolds
  6 rats
141 creatures vanquished.

Notes
Turn   | Place    | Note
-------+----------+-------------------------------------------
     0 | D:5      | Reached skill level 9 in Stealth
     0 | D:5      | croobank the Gnoll Delver began the quest for the Orb.
     0 | D:5      | Reached XP level 1. HP: 23/23 MP: 1/1
    50 | D:6      | Noticed an ogre
    61 | D:5      | Noticed a jelly
    64 | D:5      | Killed a jelly
    65 | D:5      | Reached XP level 2. HP: 29/29 MP: 1/3
    65 | D:5      | Reached XP level 3. HP: 35/35 MP: 1/4
   137 | D:5      | Reached skill level 1 in Invocations
   190 | D:5      | Reached skill level 1 in Long Blades
   190 | D:5      | Reached skill level 1 in Axes
   190 | D:5      | Reached skill level 1 in Maces & Flails
   190 | D:5      | Reached skill level 1 in Polearms
   190 | D:5      | Reached skill level 1 in Staves
   190 | D:5      | Reached skill level 1 in Ranged Weapons
   190 | D:5      | Reached skill level 1 in Throwing
   190 | D:5      | Reached skill level 1 in Armour
   190 | D:5      | Reached skill level 1 in Shields
   190 | D:5      | Reached skill level 1 in Unarmed Combat
   190 | D:5      | Reached skill level 1 in Spellcasting
   190 | D:5      | Reached skill level 1 in Evocations
   317 | D:4      | Reached XP level 4. HP: 41/41 MP: 5/5
   317 | D:4      | Noticed a scorpion
   340 | D:4      | Noticed a scorpion
   341 | D:4      | Killed a scorpion
   342 | D:4      | Reached skill level 1 in Conjurations
   342 | D:4      | Reached skill level 1 in Hexes
   342 | D:4      | Reached skill level 1 in Summonings
   342 | D:4      | Reached skill level 1 in Necromancy
   342 | D:4      | Reached skill level 1 in Translocations
   342 | D:4      | Reached skill level 1 in Transmutations
   342 | D:4      | Reached skill level 1 in Fire Magic
   342 | D:4      | Reached skill level 1 in Ice Magic
   342 | D:4      | Reached skill level 1 in Air Magic
   342 | D:4      | Reached skill level 1 in Earth Magic
   342 | D:4      | Reached skill level 1 in Poison Magic
   342 | D:4      | Reached XP level 5. HP: 15/47 MP: 5/7
   704 | D:3      | Reached XP level 6. HP: 21/53 MP: 8/8
   914 | D:3      | Noticed Terence
   922 | D:3      | Killed Terence
   923 | D:3      | Reached skill level 5 in Short Blades
   923 | D:3      | Reached skill level 5 in Dodging
  1882 | D:1      | Learned a level 2 spell: Blink
  2016 | D:1      | Found Fiovoa's Jewellery Boutique.
  3254 | D:3      | Found a radiant altar of Vehumet.
  3957 | D:4      | Reached XP level 7. HP: 49/60 MP: 10/10
  4337 | D:5      | Identified the +1 leather armour "Equwofe" {Fly rN+ Slay+3}
  4373 | D:5      | Noticed Ijyb
  4386 | D:5      | Killed Ijyb
  4537 | D:5      | Reached skill level 10 in Stealth
  4551 | D:5      | Found Weanu's Jewellery Shoppe.
  4905 | D:5      | Noticed Eustachio
  4910 | D:5      | Killed Eustachio
  4946 | D:5      | Reached XP level 8. HP: 50/67 MP: 12/12
  5413 | D:6      | Found a glowing silver altar of Zin.
  5996 | D:6      | Noticed Edmund
  6482 | D:6      | Killed Edmund
  6685 | D:6      | Reached XP level 9. HP: 72/73 MP: 14/14
  6828 | D:6      | Found a staircase to the Ecumenical Temple.
  6925 | Temple   | Entered the Ecumenical Temple
  7102 | Temple   | Became a worshipper of Gozag Ym Sagoz the Greedy
  7454 | D:7      | Found an ancient bone altar of Kikubaaqudgha.
  7547 | D:7      | Noticed a hornet
  7549 | D:7      | Paralysed by a hornet for 2 turns
  7557 | D:7      | Paralysed by a hornet for 3 turns
  7560 | D:7      | Killed a hornet
  8028 | D:6      | Learned a level 1 spell: Magic Dart
  8213 | D:7      | Noticed a freezing wraith
  8223 | D:7      | HP: 3/74 [freezing wraith (9)]
  8223 | D:7      | Demolished by a freezing wraith

Illustrated notes

Levels and vault maps discovered:
D:1:      minmay_arrival_four_loops, layout_loops_ring, serial_shops, shop,
          serial_bayou_lake_a
D:2:      layout_basic
D:3:      layout_basic, marbit_many_paths, kennysheep_decorative_pillar,
          uniq_terence
D:4:      layout_basic
D:5:      layout_gridville, serial_shops, shop, uniq_ijyb, uniq_eustachio
D:6:      layout_loops_cross, mainiacjoe_overflow_concentric_impassable,
          temple_hall, uniq_edmund
D:7:      layout_loops_corners, nicolae_overflow_crystal_walls,
          hellmonk_guarded_unrand_frostbite
Temple:   nicolae_temple_figure_eight

Skill      XL: |  1  2  3  4  5  6  7  8  9 |
---------------+----------------------------+-----
Stealth        | 10 | 10.6
Invocations    | 1 2 3 4 |  4.9
Long Blades    | 1 2 3 4 |  4.4
Axes           | 1 2 3 4 |  4.4
Maces & Flails | 1 2 3 4 |  4.4
Polearms       | 1 2 3 4 |  4.4
Staves         | 1 2 3 4 |  4.4
Ranged Weapons | 1 2 3 4 |  4.4
Throwing       | 1 2 3 4 |  4.4
Armour         | 1 2 3 4 |  4.4
Shields        | 1 2 3 4 |  4.4
Unarmed Combat | 1 2 3 4 |  4.4
Spellcasting   | 1 2 3 4 |  4.4
Evocations     | 1 2 3 4 |  4.4
Conjurations   | 1 2 3 |  3.7
Hexes          | 1 2 3 |  3.7
Summonings     | 1 2 3 |  3.7
Necromancy     | 1 2 3 |  3.7
Translocations | 1 2 3 |  3.7
Transmutations | 1 2 3 |  3.7
Fire Magic     | 1 2 3 |  3.7
Ice Magic      | 1 2 3 |  3.7
Air Magic      | 1 2 3 |  3.7
Earth Magic    | 1 2 3 |  3.7
Poison Magic   | 1 2 3 |  3.7
Short Blades   | 5 6 |  6.5
Dodging        | 5 6 |  6.5
Fighting       | 7 8 |  8.0

Action                     |  1- 3 |  4- 6 |  7- 9 || total
---------------------------+-------+-------+-------++-------
  Melee: Short sword       |    25 |     1 |       ||    26
         Bite              |     3 |    18 |    18 ||    39
         Morningstar       |       |   229 |   221 ||   450
         Punch             |       |     4 |     7 ||    11
         Dagger            |       |       |     1 ||     1
  Throw: Dart              |       |     2 |    18 ||    20
  Evoke: Wand              |       |       |     5 ||     5
    Use: Potion            |       |     4 |     6 ||    10
         Scroll            |       |    11 |     4 ||    15
   Stab: Sleeping          |     2 |     8 |     4 ||    14
         Distracted        |       |     2 |     1 ||     3
 Armour: Leather armour    |     2 |    25 |    79 ||   106
         Chain mail        |       |    89 |    38 ||   127
  Dodge: Dodged            |    12 |   159 |   207 ||   378
